 Dungeon Crawl Stone Soup version 0.20.0-15-g7f486f2 (webtiles) character file.

9989 Eptagon the Grappler (level 11, -6/101 HPs)
             Began as a Minotaur Transmuter on June 10, 2017.
             Was a High Priest of Cheibriados.
             Impaled on a porcupine's spines (13 damage)
             ... on level 2 of the Lair of Beasts.
             The game lasted 00:40:03 (11945 turns).

Eptagon the Grappler (Minotaur Transmuter)         Turns: 11945, Time: 00:40:04

Health: -6/101     AC:  4    Str: 34    XL:     11   Next: 30%
Magic:  10/14      EV: 15    Int: 25    God:    Cheibriados [*****.]
Gold:   444        SH:  4    Dex: 27    Spells: 2/14 levels left

rFire    + . .     SeeInvis .     - Unarmed
rCold    . . .     Gourm    .   (shield currently unavailable)
rNeg     . . .     Faith    .   B - +0 leather armour of Aleh {rPois rF+ Str+2} (curse)
rPois    +         Spirit   .   a - +1 hat
rElec    .         Reflect  .   (no cloak)
rCorr    .         Harm     .   (gloves currently unavailable)
MR       .....     Clarity  +   (no boots)
Stlth    ++........             (no amulet)
Regen    0.3/turn               n - ring of flight
MPRegen  0.2/turn               b - ring of wizardry

@: mighty, lethally poisoned (-6 -> -10), blade hands (expiring), very slow
A: retaliatory headbutt, horns 2, large bone plates 1, agile 2, clarity
a: End Transformation, Bend Time, Temporal Distortion, Slouch, Step From Time,
Renounce Religion, Evoke Flight


You were on level 2 of the Lair of Beasts.
You worshipped Cheibriados.
Cheibriados was extremely pleased with you.
You were not hungry.
You had blades for hands.
You visited 3 branches of the dungeon, and saw 11 of its levels.

You collected 444 gold pieces.

Inventory:

Armour
 a - a +1 hat (worn)
 B - the cursed +0 leather armour of Aleh (worn) {rPois rF+ Str+2}
   (You found it on level 7 of the Dungeon)

   It affects your strength (+2).
   It protects you from fire.
   It protects you from poison.
   It has a curse placed upon it.
Jewellery
 b - a ring of wizardry (right scythe-like blade)
 n - a ring of flight (left scythe-like blade)
Wands
 g - a wand of polymorph (9/24)
 q - a wand of acid (12/15)
 w - a wand of paralysis (11/24)
 y - a wand of iceblast (1/15)
 z - a wand of flame (7/48)
 A - a wand of polymorph (6/24)
 C - a wand of iceblast (6/15)
Scrolls
 c - 5 scrolls of blinking {unknown}
 i - 4 scrolls of immolation
 k - a scroll of amnesia
 m - 2 scrolls of teleportation
 o - a scroll of magic mapping {unknown}
 u - a scroll of enchant weapon
 v - 2 scrolls of remove curse
Potions
 r - 2 potions of mutation
 s - 2 potions of resistance
 t - 2 potions of magic
Comestibles
 d - 11 bread rations
 f - 7 meat rations
 h - 7 fruits
 l - a royal jelly


   Skills:
 + Level 10.6 Fighting
 - Level 6.2 Armour
 - Level 4.0 Dodging
 + Level 11.7 Unarmed Combat
 - Level 2.0 Spellcasting
 - Level 6.0 Transmutations
 + Level 6.2 Invocations


You had 2 spell levels left.
You knew the following spells:

 Your Spells              Type           Power        Failure   Level  Hunger
b - Blade Hands           Tmut           ####......   36%         5    ######.
i - Ice Form              Ice/Tmut       ###.....     43%         4    ####...
r - Regeneration          Chrm/Necr      #.........   43%         3    ###....


Dungeon Overview and Level Annotations

Branches:
Dungeon (8/15)             Temple (1/1) D:4            Lair (2/6) D:8
 Shoals (0/4) Lair:2
  Snake: Lair:2-4    Spider: Lair:2-4

Altars:
Ashenzari
Cheibriados
Dithmenos
Elyvilon
Fedhas
Gozag
Hepliaklqana
Kikubaaqudgha
Makhleb
Nemelex Xobeh
Okawaru
Qazlal
Ru
Sif Muna
Trog
Uskayaw
Vehumet
Xom
Yredelemnul
Zin
The Shining One

Shops:
D:8 =


Innate Abilities, Weirdness & Mutations

You reflexively headbutt those who attack you in melee.
You have a pair of horns on your head.
You are partially covered in large bone plates. (SH +4)
You are very agile. (Dex +4)
You possess an exceptional clarity of mind.


Message History

The porcupine closely misses you.
You hit the porcupine but do no damage. You block the porcupine's attack.
A wyvern comes into view.
You are struck by the porcupine's spines.
* * * LOW HITPOINT WARNING * * *
You hit the porcupine. Your headbutt misses the porcupine.
Your slash misses the porcupine.
The porcupine is heavily wounded.
Your transformation is almost over.
You feel sick.
The porcupine twitches its whiskers.
The porcupine bites you.
* * * LOW HITPOINT WARNING * * *
You feel very mighty all of a sudden.
You feel sick.
The porcupine bites you but does no damage.
The wyvern bites you!
* * * LOW HITPOINT WARNING * * *
You are struck by the porcupine's spines.
You die...

#.##.............. #...#
..........#.P..##
.........#######
.........# .........#
.P####...## # # ###
#....### <.. .
#.####...#..#######.....
.
#.#.............@r......
.
.................l......
.
.#..#########.#..###..#.
. ##### ###P## ## # ###


You could see a wyvern and a porcupine.

Vanquished Creatures
  A hydra (Lair:1)
  A cyclops (D:8)
  A spiny frog (Lair:2)
  The ghost of Shinoi the Shield-Bearer, a novice GrFi (D:4)
  A polar bear (Lair:2)
  A hornet (D:8)
  10 blink frogs
  3 hippogriffs
  Eustachio (D:4)
  4 water moccasins
  3 porcupines
  An orc warrior (D:7)
  2 sky beasts
  3 black bears
  3 phantoms
  5 ogres
  12 wolves
  3 centaurs
  5 crocodiles
  A big kobold (D:7)
  6 bullfrogs
  A wyvern skeleton (D:6)
  3 scorpions
  4 killer bees (D:8)
  3 wights (D:6)
  4 howler monkeys
  A bullfrog zombie (D:5)
  2 jellies
  2 hounds (D:6)
  2 orc wizards
  2 orc priests
  A gnoll shaman (D:4)
  2 iguanas
  4 worker ants
  2 hell rats (Lair:2)
  2 hound skeletons
  7 adders
  9 gnolls
  3 river rats (Lair:2)
  2 shadow imps
  An ooze (D:5)
  2 adder skeletons
  2 worms
  A dart slug (D:1)
  5 leopard geckos
  21 orcs
  A ball python (D:2)
  7 bats
  5 giant cockroaches
  12 goblins
  6 hobgoblins
  2 jackals (D:8)
  5 quokkas
  8 frilled lizards
  A jackal skeleton (D:7)
  11 kobolds
  16 rats
230 creatures vanquished.

Vanquished Creatures (others)
  A plant (Lair:2)
1 creature vanquished.

Grand Total: 231 creatures vanquished

Notes
Turn   | Place    | Note
-------+----------+-------------------------------------------
     0 | D:1      | Eptagon the Minotaur Transmuter began the quest for the Orb.
     0 | D:1      | Reached XP level 1. HP: 16/16 MP: 1/1
   162 | D:1      | Reached XP level 2. HP: 15/24 MP: 3/3
   745 | D:1      | Reached XP level 3. HP: 26/30 MP: 4/4
  1337 | D:2      | Found a faded altar of an unknown god.
  1362 | D:2      | Reached skill level 4 in Unarmed Combat
  2310 | D:3      | Reached XP level 4. HP: 19/38 MP: 5/5
  3298 | D:3      | HP: 1/38 [orc priest/war axe (7)]
  3481 | D:3      | Reached XP level 5. HP: 4/46 MP: 6/6
  3897 | D:4      | Found a staircase to the Ecumenical Temple.
  3903 | Temple   | Entered the Ecumenical Temple
  4246 | Temple   | Became a worshipper of Cheibriados the Contemplative
  4308 | D:4      | Noticed Eustachio
  4572 | D:4      | Learned a level 5 spell: Blade Hands
  4837 | D:4      | Noticed Shinoi's ghost (novice GrFi)
  4843 | D:4      | Gained mutation: You possess an exceptional clarity of mind. [potion of mutation]
  4843 | D:4      | Gained mutation: You are agile. (Dex +2) [potion of mutation]
  4843 | D:4      | Gained mutation: You are partially covered in large bone plates. (SH +4) [potion of mutation]
  4843 | D:4      | Gained mutation: You are very agile. (Dex +4) [potion of mutation]
  4860 | D:4      | Killed Shinoi's ghost
  4860 | D:4      | Reached skill level 5 in Fighting
  4860 | D:4      | Reached skill level 5 in Unarmed Combat
  4860 | D:4      | Reached XP level 6. HP: 29/56 MP: 1/7
  5090 | D:4      | Reached XP level 7. HP: 57/61 MP: 8/8
  5186 | D:4      | Reached * piety under Cheibriados
  5340 | D:4      | Killed Eustachio
  5495 | D:5      | Entered Level 5 of the Dungeon
  5768 | D:5      | Reached skill level 6 in Unarmed Combat
  6278 | D:5      | Reached XP level 8. HP: 56/71 MP: 9/9
  6284 | D:5      | Learned a level 4 spell: Ice Form
  6425 | D:6      | Reached skill level 7 in Unarmed Combat
  6996 | D:6      | Reached ** piety under Cheibriados
  6996 | D:6      | Reached skill level 5 in Transmutations
  7048 | D:6      | Reached skill level 1 in Armour
  7048 | D:6      | Reached skill level 8 in Unarmed Combat
  7251 | D:7      | Reached XP level 9. HP: 81/81 MP: 10/10
  7450 | D:7      | Reached skill level 9 in Unarmed Combat
  7521 | D:7      | Got a brightly glowing leather armour
  7532 | D:7      | Identified the cursed +0 leather armour of Aleh {rPois rF+ Str+2} (You found it on level 7 of the Dungeon)
  7814 | D:7      | Found an iron altar of Okawaru.
  7872 | D:8      | Reached *** piety under Cheibriados
  7889 | D:8      | Reached skill level 5 in Armour
  8034 | D:8      | Reached skill level 1 in Invocations
  8185 | D:8      | Found Foepimo's Jewellery Shop.
  8248 | D:8      | Reached **** piety under Cheibriados
  8248 | D:8      | Reached XP level 10. HP: 64/88 MP: 6/12
  8449 | D:8      | Found a staircase to the Lair.
  8549 | D:8      | Noticed a cyclops
  8563 | D:8      | Killed a cyclops
  8563 | D:8      | Reached skill level 10 in Unarmed Combat
  8905 | Lair:1   | Entered Level 1 of the Lair of Beasts
  8966 | Lair:1   | Learned a level 3 spell: Regeneration
  9203 | Lair:1   | Noticed a seven-headed hydra
  9209 | Lair:1   | HP: 5/108 [seven-headed hydra (7)]
  9211 | Lair:1   | Killed a seven-headed hydra
  9692 | Lair:1   | Reached skill level 11 in Unarmed Combat
  9696 | Lair:1   | Reached skill level 5 in Invocations
 10591 | Lair:2   | Reached skill level 10 in Fighting
 10599 | Lair:2   | Reached XP level 11. HP: 29/99 MP: 8/13
 10602 | Lair:2   | HP: 1/148 [blink frog (11)]
 10962 | Lair:2   | Reached ***** piety under Cheibriados
 11410 | Lair:2   | HP: 4/101 [wolf (10)]
 11851 | Lair:2   | Found a staircase to the Shoals.
 11945 | Lair:2   | Impaled on a porcupine's spines

Skill      XL: |  1  2  3  4  5  6  7  8  9 10 11 |
---------------+----------------------------------+-----
Fighting       | 2 3 5 6 8 10 | 10.6
Unarmed Combat | 4 5 6 8 9 11 | 11.7
Dodging        | 3 4 |  4.0
Transmutations | 2 3 5 6 |  6.0
Armour         | 1 5 6 |  6.2
Spellcasting   | 2 |  2.0
Invocations    | 1 5 6 |  6.2

Action                   |  1- 3 |  4- 6 |  7- 9 | 10-12 || total
-------------------------+-------+-------+-------+-------++-------
Melee: Unarmed           |   149 |   134 |   272 |   143 ||   698
       Headbutt          |    16 |    30 |    68 |    43 ||   157
       Punch             |     1 |     3 |    13 |    14 ||    31
 Cast: Blade Hands       |       |       |     4 |     6 ||    10
       Ice Form          |       |       |       |     1 ||     1
Evoke: Wand              |       |     2 |     4 |     2 ||     8
  Use: Scroll            |       |    10 |     8 |     4 ||    22
       Potion            |       |     5 |     1 |     5 ||    11
 Stab: Sleeping          |     1 |       |     1 |       ||     2
       Distracted        |       |       |     1 |       ||     1
  Eat: Chunk             |     4 |     8 |     6 |     8 ||    26
       Royal jelly       |       |     1 |       |       ||     1
Armor: Robe              |    19 |     3 |       |       ||    22
       Leather armour    |       |    10 |    11 |    25 ||    46
       Ring mail         |       |     6 |     1 |       ||     7
       Scale mail        |       |       |    86 |       ||    86
       Skin              |       |       |       |     7 ||     7
Dodge: Dodged            |    83 |    68 |   176 |   103 ||   430
Block: Other             |       |     4 |    52 |    15 ||    71
